 Dungeon Crawl Stone Soup version 0.29.1-15-g9cfb28693d (webtiles) character file.

Game seed: 8389916589906263178

2337 QBF the Reanimator (level 9, -9/66 HPs)
             Began as a Gnoll Necromancer on Apr 13, 2023.
             Was a Priest of Wu Jian.
             Shot with a sling bullet by a human (10 damage)
             ... on level 6 of the Dungeon.
             The game lasted 01:45:37 (6495 turns).

QBF the Reanimator (Gnoll Necromancer)              Turns: 6495, Time: 01:45:37

Health: -9/66      AC:  4    Str:  7    XL:     9   Next: 42%
Magic:  28/28      EV: 14    Int: 25    God:    Wu Jian [***...]
Gold:   317        SH:  0    Dex: 13    Spells: 13/21 levels left

rFire   x . .      SeeInvis .   x - +4 spear of Greed {elec, +Blink Fly rF- rCorr}
rCold   . . .      Faith    .   (no shield)
rNeg    . . .      Spirit   .   s - +0 robe {Will+}
rPois   .          Reflect  .   (no helmet)
rElec   .          Harm     .   K - +0 cloak
rCorr   +          Rampage  .   (no gloves)
Will    +....                   S - +0 pair of boots
Stlth   +++.......              (no amulet)
HPRegen 0.21/turn               n - +6 ring of intelligence
MPRegen 0.21/turn               y - ring of magical power

@: animating dead, flying
A: fangs 1, strong nose, distributed training
a: Renounce Religion, Evoke Blink, Wall Jump, Serpent's Lash


You were on level 6 of the Dungeon.
You worshipped Wu Jian.
Wu Jian was most pleased with you.
You visited 1 branch of the dungeon, and saw 6 of its levels.

You collected 317 gold pieces.

Inventory:

Hand Weapons
 a - a +2 spear of freezing
 d - a +1 mace of protection
 i - a +1 vorpal dire flail
 x - the +4 spear of Greed (weapon) {elec, +Blink Fly rF- rCorr}
   (You found it on level 2 of the Dungeon)

   It occasionally discharges a powerful burst of electricity upon striking a
   foe.
   rF:        It makes you vulnerable to fire.
   Fly:       It grants you flight.
   +Blink:    It lets you blink.
   rCorr:     It protects you from acid and corrosion.
 I - a +4 quarterstaff of chaos
 W - a +2 spear
 X - a +3 war axe
 Y - a +0 short sword of venom
Missiles
 f - 71 stones
 G - 6 poisoned darts
 V - 6 curare-tipped darts
Armour
 h - a +0 plate armour
 s - a +0 robe of willpower (worn)
 K - a +0 cloak (worn)
 N - a +0 scale mail
 R - a +2 ring mail of cold resistance
 S - a +0 pair of boots (worn)
Jewellery
 n - a +6 ring of intelligence (left hand)
 u - a +6 ring of dexterity
 y - a ring of magical power (right hand)
Wands
 e - a wand of light (8)
 k - a wand of iceblast (19)
 H - a wand of paralysis (8)
 O - a wand of mindburst (43)
Scrolls
 c - 3 scrolls of enchant weapon {unknown}
 j - a scroll of fear {unknown}
 l - 3 scrolls of teleportation {unknown}
 z - 3 scrolls of amnesia {unknown}
 B - a scroll of magic mapping {unknown}
 F - a scroll of butterflies {unknown}
 L - a scroll of immolation {unknown}
 M - 2 scrolls of vulnerability {unknown}
 P - 5 scrolls of noise {unknown}
 U - 4 scrolls of identify {unknown}
Potions
 b - a potion of magic
 g - a potion of heal wounds {unknown}
 m - 2 potions of lignification {unknown}
 o - a potion of degeneration {unknown}
 p - 2 potions of flight {unknown}
 q - a potion of curing {unknown}
 r - 2 potions of might {unknown}
 t - 2 potions of berserk rage {unknown}
 E - 2 potions of experience {unknown}
 Q - 2 potions of invisibility {unknown}


   Skills:
 + Level 4.4 Fighting
 + Level 4.4 Short Blades
 + Level 4.4 Long Blades
 + Level 4.4 Axes
 + Level 4.4 Maces & Flails
 + Level 4.4 Polearms
 + Level 4.4 Staves
 + Level 4.4 Ranged Weapons
 + Level 4.4 Throwing
 + Level 4.4 Armour
 + Level 6.4 Dodging
 + Level 6.1 Stealth
 + Level 4.4 Shields
 + Level 4.4 Unarmed Combat
 + Level 6.7 Spellcasting
 + Level 3.6 Conjurations
 + Level 3.6 Hexes
 + Level 3.6 Summonings
 + Level 8.1 Necromancy
 + Level 3.6 Translocations
 + Level 3.6 Transmutations
 + Level 3.6 Fire Magic
 + Level 3.6 Ice Magic
 + Level 3.6 Air Magic
 + Level 3.6 Earth Magic
 + Level 3.6 Poison Magic
 + Level 4.8 Invocations
 + Level 4.4 Evocations


You had 13 spell levels left.
You knew the following spells:

 Your Spells              Type           Power      Damage    Failure   Level
a - Necrotise             Necr           100%       1d9       1%          1
b - Vampiric Draining     Necr           48%        2d9       1%          3
c - Animate Dead          Necr           48%        N/A       2%          4

Your spell library contained the following spells:

 Spells                   Type           Power      Damage    Failure   Level
 Apportation              Tloc           52%        N/A       1%          1
 Summon Small Mammal      Summ           100%       N/A       1%          1
 Sublimation of Blood     Necr           48%        N/A       1%          2
 Wereblood                Tmut           26%        N/A       2%          2
 Agony                    Necr           48%        N/A       7%          5
 Summon Hydra             Summ           13%        N/A       100%        7


Dungeon Overview and Level Annotations

Branches:
Dungeon (6/15)
 Temple: D:4-7

Altars:
Ashenzari
Dithmenos
Elyvilon
Fedhas
Makhleb
Nemelex Xobeh
Uskayaw
Wu Jian
Yredelemnul
Zin
The Shining One

Shops:
D:2 [


Innate Abilities, Weirdness & Mutations

You have very sharp teeth.
Your uncanny sense of smell can sniff out nearby items.
Your experience applies equally to all skills.


Message History

* * * LOW HITPOINT WARNING * * *
Something barely misses your human zombie.
You bump into the rock wall.
The human hits you with a +0 club.
* * * LOW HITPOINT WARNING * * *
You bump into the rock wall.
The shadow imp hits your human zombie but does no damage.
The human barely misses you. The human attacks as you move away!
The human closely misses you.
Your human zombie hits the human but does no damage.
Something completely misses your human zombie.
You bump into the rock wall.
The human misses you.
You feel less invigorated.
You feel less confused.
Your human zombie hits the human.
The shadow imp hits your human zombie.
You spin and attack the human.
You hit the human. You bite the human, but do no damage.
The human is moderately wounded.
The shadow imp hits your human zombie. The human hits you with a +0 club.
* * * LOW HITPOINT WARNING * * *
You spin and attack the human.
You hit the human but do no damage.
The human is lightly wounded.
The human hits you with a +0 club!
* * * LOW HITPOINT WARNING * * *
You hit the human. Lightning courses through the human!!
The human is almost dead.
Your human zombie hits the human.
You hit the human.
You kill the human!
The Council accepts your kill.
The dead are walking!
The shadow imp hits your human zombie.
Your human zombie closely misses the shadow imp.
You swap places.
The shadow imp closely misses your human zombie.
The shadow imp barely misses your human zombie.
Your human zombie hits the shadow imp.
The human shoots a sling bullet.
The sling bullet hits you!
* * * LOW HITPOINT WARNING * * *
Something shouts, "Accept thy failure, thou spongy fly-bitten fleecer!"
The human shoots a sling bullet.
The sling bullet hits you!
You die...

#.#.....#..###.##......
#.#..[[...........####.
#....[[.####>..#### #.
####.......#.###
##)##Z#.#.# #.##.#.#.#
#p##.#.#.# #.##.#.#.#
#.@Z.....# ###......#
#.)....### #.........
#.......## #...!...#∆ ∆
##.###..# #.# .... ..#
...


You could see a human and a friendly human zombie.

Vanquished Creatures
  Prince Ribbit (D:6)
  2 humans (D:6)
  A water moccasin (D:5)
  2 sky beasts
  2 ice beasts (D:6)
  3 black bears
  An ogre (D:5)
  2 scorpions
  A hound (D:4)
  An orc priest (D:4)
  A jelly (D:6)
  An iguana (D:5)
  4 orc wizards
  8 adders
  A shadow imp (D:6)
  2 worms (D:2)
  A dart slug (D:3)
  17 orcs
  6 ball pythons
  7 endoplasms
  5 giant cockroaches
  4 goblins
  6 hobgoblins
  6 jackals
  7 kobolds
  4 quokkas
  6 bats
  A frilled lizard (D:1)
  2 rats
105 creatures vanquished.

Vanquished Creatures (collateral kills)
  Edmund (D:6)
  A phantom (D:6)
  3 wights (D:6)
  2 hounds
  An orc priest (D:6)
  Crazy Yiuf (D:4)
  3 adders
  A white imp (D:6)
  An ufetubus (D:6)
  2 orcs
  7 endoplasms
  A giant cockroach (D:3)
  A hobgoblin (D:4)
  A jackal (D:1)
  A quokka (D:3)
  2 bats
  A goblin (D:3)
  A kobold (D:3)
  A rat (D:3)
32 creatures vanquished.

Vanquished Creatures (others)
  A human zombie (D:6)
  2 black bear zombies
  A scorpion zombie (D:5)
  A hound zombie (D:4)
  2 adder zombies (D:3)
  A bat zombie (D:2)
  2 endoplasm zombies (D:2)
  A giant cockroach zombie (D:3)
  2 goblin zombies (D:4)
  A hobgoblin zombie (D:3)
  2 jackal zombies (D:3)
  3 kobold zombies (D:3)
  9 orc zombies
  A rat zombie (D:3)
  5 fungi
  A plant (D:1)
35 creatures vanquished.

Grand Total: 172 creatures vanquished

Notes
Turn   | Place    | Note
-------+----------+-------------------------------------------
     0 | D:1      | QBF the Gnoll Necromancer began the quest for the Orb.
     0 | D:1      | Reached XP level 1. HP: 13/13 MP: 6/6
   101 | D:1      | Found a faded altar of an unknown god.
   167 | D:1      | Reached XP level 2. HP: 12/19 MP: 3/7
   611 | D:1      | Reached skill level 5 in Spellcasting
   611 | D:1      | Reached XP level 3. HP: 25/25 MP: 5/9
   648 | D:1      | Learned a level 3 spell: Vampiric Draining
   799 | D:1      | Reached skill level 1 in Invocations
  1012 | D:1      | Prayed at the altar of an unknown god.
  1012 | D:1      | Became a worshipper of the Wu Jian Council
  1012 | D:1      | Reached * piety under Wu Jian
  1033 | D:2      | Reached skill level 1 in Fighting
  1033 | D:2      | Reached skill level 1 in Short Blades
  1033 | D:2      | Reached skill level 1 in Long Blades
  1033 | D:2      | Reached skill level 1 in Axes
  1033 | D:2      | Reached skill level 1 in Maces & Flails
  1033 | D:2      | Reached skill level 1 in Polearms
  1033 | D:2      | Reached skill level 1 in Staves
  1033 | D:2      | Reached skill level 1 in Ranged Weapons
  1033 | D:2      | Reached skill level 1 in Throwing
  1033 | D:2      | Reached skill level 1 in Armour
  1033 | D:2      | Reached skill level 1 in Shields
  1033 | D:2      | Reached skill level 1 in Unarmed Combat
  1033 | D:2      | Reached skill level 1 in Evocations
  1322 | D:2      | Reached XP level 4. HP: 26/32 MP: 8/11
  1332 | D:2      | Learned a level 4 spell: Animate Dead
  1582 | D:2      | Found Ogesock's Armour Emporium.
  1591 | D:2      | Identified the +4 spear of Greed {elec, +Blink Fly rF-
                  | rCorr}
  1681 | D:2      | Reached skill level 1 in Conjurations
  1681 | D:2      | Reached skill level 1 in Hexes
  1681 | D:2      | Reached skill level 1 in Summonings
  1681 | D:2      | Reached skill level 1 in Translocations
  1681 | D:2      | Reached skill level 1 in Transmutations
  1681 | D:2      | Reached skill level 1 in Fire Magic
  1681 | D:2      | Reached skill level 1 in Ice Magic
  1681 | D:2      | Reached skill level 1 in Air Magic
  1681 | D:2      | Reached skill level 1 in Earth Magic
  1681 | D:2      | Reached skill level 1 in Poison Magic
  2484 | D:3      | Reached XP level 5. HP: 22/37 MP: 12/12
  2557 | D:3      | You are sucked into a shaft and drop 3 floors!
  2795 | D:5      | Entered Level 5 of the Dungeon
  3143 | D:5      | Noticed an ogre
  3171 | D:5      | Found a glowing golden altar of the Shining One.
  3247 | D:5      | Reached XP level 6. HP: 25/44 MP: 13/13
  3262 | D:5      | Reached ** piety under Wu Jian
  3264 | D:5      | Reached skill level 5 in Dodging
  3602 | D:5      | Noticed a water moccasin
  3620 | D:5      | Killed a water moccasin
  3929 | D:5      | Found a blossoming altar of Fedhas.
  3945 | D:5      | Reached XP level 7. HP: 51/51 MP: 13/15
  4474 | D:4      | Reached skill level 5 in Stealth
  4547 | D:4      | Reached XP level 8. HP: 56/58 MP: 3/16
  4565 | D:4      | Found a sparkling altar of Nemelex Xobeh.
  4791 | D:4      | Found a broken altar of Ashenzari.
  5088 | D:4      | Found a runed translucent door.
  5089 | D:4      | Noticed Crazy Yiuf
  5096 | D:4      | Killed Crazy Yiuf
  5538 | D:6      | Found a shadowy altar of Dithmenos.
  5577 | D:6      | Noticed Edmund
  5593 | D:6      | Found a hide-covered altar of Uskayaw.
  5593 | D:6      | Noticed Prince Ribbit
  5607 | D:6      | Killed Prince Ribbit
  5613 | D:6      | Found a basalt altar of Yredelemnul.
  5614 | D:6      | Found a glowing silver altar of Zin.
  5615 | D:6      | Found a burning altar of Makhleb.
  5615 | D:6      | Found a white marble altar of Elyvilon.
  6112 | D:6      | Reached XP level 9. HP: 38/65 MP: 18/18
  6171 | D:6      | Killed Edmund
  6172 | D:6      | Your ally Prince Ribbit died
  6192 | D:6      | Reached *** piety under Wu Jian
  6246 | D:6      | Reached skill level 8 in Necromancy
  6494 | D:6      | HP: 1/66 [human/sling bullet (13)]
  6495 | D:6      | Shot with a sling bullet by a human

Illustrated notes

Levels and vault maps discovered:
D:1:      minmay_arrival_loop, layout_basic,
          shapermc_ecumenical_altar_acropolis, minmay_misc_feat_ornament,
          corexii_leaking_fountain
D:2:      layout_basic, serial_shops, shop
D:3:      layout_rooms, grunt_gozag_breadcrumbs, lemuel_round_altar,
          lemuel_blue_sif_altar
D:4:      layout_basic, mainiacjoe_overflow_surrounded_room,
          nemelex_dance_club_becter, minmay_quadrilaterals,
          uniq_crazy_yiuf_cottage
D:5:      cheibrodos_quashed, layout_cave_pods, tso_metal_star,
          lemuel_doored_altar
D:6:      layout_basic, grunt_dithmenos_shadows, grunt_temple_overflow_open,
          minmay_ruffians, uniq_edmund, uniq_prince_ribbit1

Skill      XL: |  1  2  3  4  5  6  7  8  9 |
---------------+----------------------------+-----
Spellcasting   | 5 6 |  6.7
Invocations    | 1 2 3 4 |  4.8
Fighting       | 1 2 3 4 |  4.4
Short Blades   | 1 2 3 4 |  4.4
Long Blades    | 1 2 3 4 |  4.4
Axes           | 1 2 3 4 |  4.4
Maces & Flails | 1 2 3 4 |  4.4
Polearms       | 1 2 3 4 |  4.4
Staves         | 1 2 3 4 |  4.4
Ranged Weapons | 1 2 3 4 |  4.4
Throwing       | 1 2 3 4 |  4.4
Armour         | 1 2 3 4 |  4.4
Shields        | 1 2 3 4 |  4.4
Unarmed Combat | 1 2 3 4 |  4.4
Evocations     | 1 2 3 4 |  4.4
Conjurations   | 1 2 3 |  3.6
Hexes          | 1 2 3 |  3.6
Summonings     | 1 2 3 |  3.6
Translocations | 1 2 3 |  3.6
Transmutations | 1 2 3 |  3.6
Fire Magic     | 1 2 3 |  3.6
Ice Magic      | 1 2 3 |  3.6
Air Magic      | 1 2 3 |  3.6
Earth Magic    | 1 2 3 |  3.6
Poison Magic   | 1 2 3 |  3.6
Dodging        | 5 6 |  6.4
Stealth        | 5 6 |  6.1
Necromancy     | 8 |  8.1

Action                   |  1- 3 |  4- 6 |  7- 9 || total
-------------------------+-------+-------+-------++-------
Melee: Dagger            |    12 |       |       ||    12
       Bite              |     3 |     9 |    16 ||    28
       Hand axe          |     2 |     3 |       ||     5
       Spear             |       |    85 |   104 ||   189
       Punch             |       |     2 |     1 ||     3
 Cast: Necrotise         |    48 |    10 |     8 ||    66
       Vampiric Draining |     1 |    13 |    24 ||    38
       Animate Dead      |       |    10 |     7 ||    17
Invok: Lunge             |     2 |     2 |    11 ||    15
       Whirlwind         |       |    11 |     7 ||    18
 Abil: Evoke Blink       |       |     1 |       ||     1
Evoke: Wand              |       |       |     2 ||     2
  Use: Potion            |       |       |     2 ||     2
 Stab: Sleeping          |     2 |     1 |     4 ||     7
Armor: Robe              |     6 |    18 |    36 ||    60
Dodge: Dodged            |    26 |    48 |    95 ||   169
